 Dungeon Crawl Stone Soup version 0.21-a0-529-g8c7b3f5 (webtiles) character file.

123 slep the Chopper (level 5, 0/27 HPs)
             Began as a Vine Stalker Gladiator on Dec 10, 2017.
             Slain by Sigmund
             ... wielding a +5 scythe of venom
              (6 damage)
             ... on level 3 of the Dungeon.
             The game lasted 00:04:23 (1456 turns).

slep the Chopper (Vine Stalker Gladiator)           Turns: 1456, Time: 00:04:24

Health: 0/27       AC:  6    Str: 18    XL:     5   Next: 7%
Magic:  0/6        EV: 12    Int:  8    God:
Gold:   142        SH:  0    Dex: 15    Spells: 4/4 levels left

rFire    + . .     SeeInvis .   a - +0 war axe
rCold    . . .     Gourm    .   (no shield)
rNeg     . . .     Faith    .   k - +0 ring mail (curse)
rPois    .         Spirit   +   c - +0 helmet
rElec    .         Reflect  .   (no cloak)
rCorr    .         Harm     .   (no gloves)
MR       .....                  (no boots)
Stlth    +.........             (no amulet)
HPRegen  0.49/turn              o - ring of protection from fire
MPRegen  0.10/turn              (no ring)

@: lethally poisoned (0 -> -8)
A: fangs 2, regeneration 1, magic shield, antimagic bite, no potion heal 3, rot
immunity
a: no special abilities


You were on level 3 of the Dungeon.
You were not hungry.

You visited 1 branch of the dungeon, and saw 3 of its levels.

You collected 142 gold pieces.

Inventory:

Hand Weapons
 a - a +0 war axe (weapon)
Missiles
 d - 3 throwing nets
 e - 7 javelins (quivered)
Armour
 b - a +0 leather armour
 c - a +0 helmet (worn)
 k - a cursed +0 ring mail (worn)
Jewellery
 o - a ring of protection from fire (left hand)
Scrolls
 g - a scroll of random uselessness {unknown}
 h - 2 scrolls of remove curse {unknown}
 j - a scroll of enchant armour {unknown}
 l - a scroll of identify {unknown}
 m - a scroll of immolation {unknown}
 n - a scroll of magic mapping {unknown}
 p - a scroll of enchant weapon {unknown}
 q - a scroll of teleportation {unknown}
Potions
 r - a potion of heal wounds {unknown}
 s - 2 potions of mutation {unknown}
Comestibles
 f - 3 bread rations
 i - a fruit
 t - 3 chunks of flesh


   Skills:
 + Level 2.4 Fighting
 + Level 4.0 Axes
 + Level 1.9 Throwing
 + Level 0.5 Armour
 + Level 3.0 Dodging
 + Level 0.7 Stealth


You had 4 spell levels left.
You didn't know any spells.

Dungeon Overview and Level Annotations

Branches:
Dungeon (3/15)

Altars:
Nemelex Xobeh

Annotations:
D:3 Sigmund


Innate Abilities, Weirdness & Mutations

You have extremely sharp teeth.
Your natural rate of healing is unusually fast.
When hurt, damage is shared between your health and your magic reserves.
Your bite disrupts and absorbs the magic of your enemies.
Potions cannot restore your health.
You are immune to rotting.


Message History

Sigmund is lightly wounded.
Sigmund hits you with a scythe of venom!
You are lethally poisoned!
You closely miss Sigmund. You bite Sigmund, but do no damage.
Sigmund is lightly wounded.
You feel very sick. Sigmund closely misses you.
You hit Sigmund. Your bite misses Sigmund.
Sigmund is moderately wounded.
You feel very sick.
You closely miss Sigmund. You bite Sigmund, but do no damage.
Sigmund is moderately wounded.
* * * LOW HITPOINT WARNING * * *
You feel sick.
Sigmund falters for a moment.
Sigmund barely misses you.
You closely miss Sigmund. Your bite misses Sigmund.
Sigmund is moderately wounded.
* * * LOW HITPOINT WARNING * * *
You feel sick.
Sigmund hits you with a scythe of venom!
You die...

#.# #.# #.#
#.# #.# #.#
#.# #.# #.#
#.# #.###.#
#...<.#
#.########.
#..@@c.....
#.#######..
#.# #.# #.#
#.# #.# #.


You could see Sigmund and a centaur.

Vanquished Creatures
  An orc wizard (D:3)
  3 adders
  An ooze (D:3)
  A worm (D:3)
  2 leopard geckos
  4 orcs (D:3)
  A ball python (D:3)
  10 goblins
  7 hobgoblins
  7 jackals
  2 kobolds
  4 bats
  A frilled lizard (D:2)
  3 rats
47 creatures vanquished.

Notes
Turn   | Place    | Note
-------+----------+-------------------------------------------
     0 | D:1      | slep the Vine Stalker Gladiator began the quest for the Orb.
     0 | D:1      | Reached XP level 1. HP: 11/11 MP: 2/2
    30 | D:1      | Reached XP level 2. HP: 12/15 MP: 3/3
   171 | D:1      | Reached skill level 3 in Axes
   529 | D:2      | Reached XP level 3. HP: 9/18 MP: 4/4
  1195 | D:3      | Gained mutation: Your natural rate of healing is unusually fast. [Vine Stalker growth]
  1195 | D:3      | Reached XP level 4. HP: 8/23 MP: 2/5
  1317 | D:3      | Reached skill level 4 in Axes
  1318 | D:3      | Reached XP level 5. HP: 17/26 MP: 3/6
  1336 | D:3      | Found a sparkling altar of Nemelex Xobeh.
  1446 | D:3      | Noticed Sigmund
  1449 | D:3      | Noticed a centaur
  1456 | D:3      | Slain by Sigmund

Vault maps used:
D:1:      dpeg_arrival_connections
D:2:      first_bread, corexii_leaking_fountain
D:3:      nemelex_dance_club_becter, uniq_sigmund

Skill      XL: |  1  2  3  4 |
---------------+-------------+-----
Axes           | 3 4 |  4.0
Fighting       | 2 |  2.4
Dodging        | 3 |  3.0
Throwing       | |  1.9
Armour         | |  0.5
Stealth        | |  0.7

Action                   |  1- 3 |  4- 6 || total
-------------------------+-------+-------++-------
Melee: War axe           |    99 |    34 ||   133
       Bite              |    17 |     8 ||    25
 Stab: Sleeping          |     1 |       ||     1
  Eat: Chunk             |       |     2 ||     2
Armor: Leather armour    |    10 |       ||    10
       Ring mail         |    28 |    12 ||    40
Dodge: Dodged            |    63 |    30 ||    93

Table legend:
 A = Spawn XP
 B = Non-spawn XP
 C = Spawn XP percentage of total XP
 D = Spawn monster count
 E = Non-spawn monster count
 F = Spawn count percentage of total count
 G = Total turns spent on level
                    A         B        C        D         E        F      G
               +---------+---------+-------+---------+---------+-------+---------
         Total |       0 |     176 |   0.0 |       0 |      47 |   0.0 |  1456
               +---------+---------+-------+---------+---------+-------+---------
           D:1 |       0 |      32 |   0.0 |       0 |      17 |   0.0 |   512
           D:2 |       0 |      32 |   0.0 |       0 |      11 |   0.0 |   575
           D:3 |       0 |     112 |   0.0 |       0 |      19 |   0.0 |   369
               +---------+---------+-------+---------+---------+-------+---------
